 Dungeon Crawl Stone Soup version 0.23.0-3-gf3c87f2df8 (webtiles) character file.

Game seed: 11175172475584339951

235 PikkenKukken the Cudgeler (level 6, -1/38 HPs)
             Began as a Tengu Fighter on Feb 23, 2019.
             Killed by nerve-wracking pain
             ... invoked by an orc priest
              (13 damage)
             ... on level 3 of the Dungeon.
             The game lasted 00:05:46 (3690 turns).

PikkenKukken the Cudgeler (Tengu Fighter)           Turns: 3690, Time: 00:05:47

Health: -1/38      AC:  8    Str: 18    XL:     6   Next: 6%
Magic:  7/7        EV: 10    Int:  8    God:
Gold:   144        SH:  9    Dex: 14    Spells: 5/5 levels left

rFire    . . .     SeeInvis .   a - +1 flail
rCold    . . .     Gourm    .   c - +0 shield
rNeg     . . .     Faith    .   b - +0 scale mail
rPois    .         Spirit   .   (helmet restricted)
rElec    .         Reflect  .   n - +0 cloak
rCorr    .         Harm     .   (no gloves)
MR       .....                  (boots unavailable)
Stlth    ..........             (no amulet)
HPRegen  0.12/turn              (no ring)
MPRegen  0.10/turn              (no ring)

@: flying quickly and evasively, quick
A: beak, talons 3, able to fly
a: Stop Flying


You were on level 3 of the Dungeon.
You were not hungry.

You visited 1 branch of the dungeon, and saw 4 of its levels.

You collected 144 gold pieces.

Inventory:

Hand Weapons
 a - a +1 flail (weapon)
Armour
 b - a +0 scale mail (worn)
 c - a +0 shield (worn)
 n - a +0 cloak (worn)
Scrolls
 l - a scroll of identify
 m - 2 scrolls of teleportation
 o - a scroll of blinking
Potions
 d - a potion of might
 h - a potion of agility
 i - 2 potions of curing
 j - a potion of degeneration {unknown}
 k - a potion of lignification {unknown}
Comestibles
 f - 7 rations


   Skills:
 + Level 3.8 Fighting
 * Level 4.2 Maces & Flails
 + Level 4.2 Armour
 + Level 2.3 Dodging
 + Level 3.7 Shields


You had 5 spell levels left.
You didn't know any spells.
Your spell library was empty.

Dungeon Overview and Level Annotations

Branches:
Dungeon (4/15)
 Temple: D:4-7

Altars:
Vehumet

Annotations:
D:3 2 transporters, EnegeticOcto's ghost, amateur MiBe


Innate Abilities, Weirdness & Mutations

You have a beak for a mouth.
You have claws for feet.
You can fly continuously.


Message History

You completely miss the orc priest. You claw the orc priest.
The orc priest is lightly wounded.
You block the orc priest's attack.
You hit the orc priest. Your kick misses the orc priest.
You peck the orc priest.
The orc priest is heavily wounded.
The orc priest hits you but does no damage.
The orc priest calls down the wrath of Beogh upon you.
Beogh smites you!
Your shield and scale mail prevent you from hitting the orc priest.
The orc priest is heavily wounded.
The orc priest hits you but does no damage.
You closely miss the orc priest. You peck the orc priest.
The orc priest is heavily wounded.
The orc priest hits you with a +0 dagger.
You hit the orc priest. Your kick misses the orc priest.
The orc priest is almost dead.
The orc priest mumbles some strange prayers to Beogh against you.
Pain shoots through your body!
You die...

#.########..# #.#...........#.#
#...........# #.#.Z..ZWZZ..©#.#
#.########..# #.#############.#
#.########..###.......©.......#
#.......>...##......#...#######
#.#######.####.###.###.## #.#
#.# ##.###.....# #.#
#.###o[.##..#### #.#
#.#...@..[..# ##.##
#.#.#(..###.## ##.#.##
#.#.##.####..## #÷###.###
#.#.##.# #....# .## ##..#
#.#.##.# #....§.#
..###.#.###.#.##.# #...°..#
...#..........##.# ##..°..#
.##.###........#.## #..°...#
.#### #####.......# #......#


You could see an orc priest.

Vanquished Creatures
  Crazy Yiuf (D:2)
  An orc priest (D:3)
  An orc wizard (D:3)
  4 gnolls
  3 adders (D:2)
  2 oozes
  4 worms
  A dart slug (D:2)
  2 leopard geckos
  2 ball pythons (D:3)
  3 giant cockroaches
  2 goblins (D:2)
  5 hobgoblins
  9 kobolds
  11 bats
  7 frilled lizards
  12 rats
70 creatures vanquished.

Notes
Turn   | Place    | Note
-------+----------+-------------------------------------------
     0 | D:1      | PikkenKukken the Tengu Fighter began the quest for the Orb.
     0 | D:1      | Reached XP level 1. HP: 14/14 MP: 2/2
   154 | D:1      | Reached XP level 2. HP: 14/19 MP: 3/3
   943 | D:2      | Reached XP level 3. HP: 22/23 MP: 4/4
  1225 | D:2      | Reached skill level 1 in Dodging
  1608 | D:1      | Reached XP level 4. HP: 3/28 MP: 5/5
  2043 | D:2      | Found a runed translucent door.
  2044 | D:2      | Noticed Crazy Yiuf
  2458 | D:2      | Gained mutation: You can fly continuously. [Tengu growth]
  2458 | D:2      | Reached XP level 5. HP: 32/32 MP: 6/6
  2657 | D:2      | Killed Crazy Yiuf
  3257 | D:3      | Found a transporter.
  3257 | D:3      | Noticed EnegeticOcto's ghost (amateur MiBe)
  3329 | D:3      | Found a radiant altar of Vehumet.
  3339 | D:3      | Found a transporter.
  3429 | D:3      | Reached XP level 6. HP: 20/38 MP: 7/7
  3681 | D:4      | Noticed a phantom
  3690 | D:3      | Killed from afar by an orc priest

Skill      XL: |  1  2  3  4  5 |
---------------+----------------+-----
Maces & Flails | 3 4 |  4.2
Dodging        | 1 2 |  2.3
Armour         | 4 |  4.2
Fighting       | |  3.8
Shields        | |  3.7

Action                   |  1- 3 |  4- 6 || total
-------------------------+-------+-------++-------
Melee: Flail             |    96 |   112 ||   208
       Kick              |    23 |    19 ||    42
       Peck              |     9 |    15 ||    24
 Abil: Fly               |       |     1 ||     1
  Use: Scroll            |     4 |     4 ||     8
       Potion            |     1 |     1 ||     2
  Eat: Chunk             |     2 |     7 ||     9
Armor: Scale mail        |    50 |    36 ||    86
Dodge: Dodged            |    31 |    40 ||    71
Block: Shield            |    44 |    41 ||    85
